 Dungeon Crawl Stone Soup version 0.24.1 (webtiles) character file.

Game seed: 7303808006660291416, levelgen mode: deterministic

145 Curus the Slasher (level 5, -4/45 HPs)
             Began as a Minotaur Abyssal Knight on Apr 4, 2020.
             Was a Believer of Lugonu.
             Slain by Grinder (6 damage)
             ... on level 4 of the Dungeon.
             The game lasted 00:09:56 (2051 turns).

Curus the Slasher (Minotaur Abyssal Knight)         Turns: 2051, Time: 00:09:56

Health: -4/45      AC: 10    Str: 17    XL:     5   Next: 6%
Magic:  6/6        EV:  7    Int:  9    God:    Lugonu [**....]
Gold:   192        SH:  0    Dex: 10    Spells: 4/4 levels left

rFire    . . .     SeeInvis .   a - +1 falchion
rCold    . . .     Gourm    .   (no shield)
rNeg     . . .     Faith    .   j - +0 chain mail
rPois    .         Spirit   .   (helmet restricted)
rElec    .         Reflect  .   (no cloak)
rCorr    .         Harm     .   (no gloves)
MR       .....                  (no boots)
Stlth    ..........             (no amulet)
HPRegen  0.15/turn              e - +2 ring of protection
MPRegen  0.10/turn              f - ring of wizardry

@: hasted, very quick
A: retaliatory headbutt, horns 2
a: Depart the Abyss, Bend Space, Renounce Religion


You were on level 4 of the Dungeon.
You worshipped Lugonu.
Lugonu was pleased with you.
You were hungry.

You visited 1 branch of the dungeon, and saw 4 of its levels.
You visited the Abyss 1 time.

You collected 192 gold pieces.

Inventory:

Hand Weapons
 a - a +1 falchion (weapon)
Armour
 b - a +0 leather armour
 j - a +0 chain mail (worn)
Jewellery
 e - a +2 ring of protection (left hand)
 f - a ring of wizardry (right hand)
Wands
 l - a wand of digging (4)
Scrolls
 k - a scroll of magic mapping
 m - 2 scrolls of identify
Potions
 d - a potion of magic
 g - a potion of mutation
 h - a potion of haste
 i - a potion of curing
Comestibles
 c - 3 rations


   Skills:
 - Level 3.6 Fighting
 + Level 4.8 Long Blades
 - Level 2.4 Armour
 - Level 1.1 Dodging
 + Level 3.8 Invocations


You had 4 spell levels left.
You didn't know any spells.
Your spell library was empty.

Dungeon Overview and Level Annotations

Branches:
Dungeon (3/15)

Altars:
Vehumet

Annotations:
D:4 Grinder


Innate Abilities, Weirdness & Mutations

You reflexively headbutt those who attack you in melee.
You have a pair of horns on your head.


Message History

Your chain mail prevents you from hitting Grinder.
Your headbutt misses Grinder.
Grinder is lightly wounded.
Grinder hits you.
* * * LOW HITPOINT WARNING * * *
You writhe in agony.
* * * LOW HITPOINT WARNING * * *
You feel yourself speed up. Grinder hits you but does no damage.
You hit Grinder but do no damage. Your headbutt misses Grinder.
Grinder is lightly wounded.
You closely miss Grinder.
Grinder is lightly wounded.
Grinder hits you.
* * * LOW HITPOINT WARNING * * *
You hit Grinder.
Grinder is moderately wounded.
Grinder hits you.
* * * LOW HITPOINT WARNING * * *
You writhe in agony.
You die...

#.........#
+.........+
#.........#
#.......#
##.....##
##...##
##'## #.#
#@# #5# ...
.....
.#...##
#.##.## #
###


You could see Grinder.

Vanquished Creatures
  A hound (D:4)
  Ijyb (D:2)
  2 adders (D:2)
  3 worms (D:3)
  A dart slug (D:2)
  2 leopard geckos
  An orc (D:3)
  A ball python (D:1)
  5 giant cockroaches
  14 goblins
  7 hobgoblins
  5 bats (D:1)
  2 frilled lizards
  8 kobolds
  2 rats
55 creatures vanquished.

Notes
Turn   | Place    | Note
-------+----------+-------------------------------------------
     0 | Abyss:1  | Curus the Minotaur Abyssal Knight began the quest for the
                  | Orb.
     0 | Abyss:1  | Reached XP level 1. HP: 19/19 MP: 1/1
    98 | D:1      | Escaped the Abyss
   357 | D:1      | Reached XP level 2. HP: 26/26 MP: 2/2
   362 | D:1      | Reached skill level 3 in Long Blades
   682 | D:2      | Found a radiant altar of Vehumet.
   904 | D:2      | Reached XP level 3. HP: 20/31 MP: 4/4
  1027 | D:2      | Reached ** piety under Lugonu
  1590 | D:2      | Noticed Ijyb
  1605 | D:2      | Reached skill level 4 in Long Blades
  1615 | D:2      | Killed Ijyb
  1615 | D:2      | Reached XP level 4. HP: 27/39 MP: 5/5
  2027 | D:3      | You fall into a shaft and drop 1 floor!
  2031 | D:4      | Noticed Grinder
  2044 | D:4      | Reached XP level 5. HP: 29/45 MP: 6/6
  2051 | D:4      | HP: 2/45 [Grinder (5)]
  2051 | D:4      | Slain by Grinder

Levels and vault maps discovered:
D:1:      erik_arrival_blinker_ship, layout_basic
D:2:      kennysheep_the_goblin_king, layout_basic, fiery_altar_vehumet
D:3:      layout_loops_ring
D:4:      layout_loops_corners, uniq_grinder

Skill      XL: |  1  2  3 |
---------------+----------+-----
Invocations    | 2 3 |  3.8
Long Blades    | 3 4 |  4.8
Fighting       | |  3.6
Armour         | |  2.4
Dodging        | |  1.1

Action                   |  1- 3 |  4- 6 || total
-------------------------+-------+-------++-------
Melee: Falchion          |   123 |    53 ||   176
       Headbutt          |    10 |    10 ||    20
  Use: Potion            |     5 |     1 ||     6
       Scroll            |     3 |       ||     3
  Eat: Chunk             |     1 |     2 ||     3
Armor: Leather armour    |    27 |       ||    27
       Chain mail        |    69 |    35 ||   104
Dodge: Dodged            |    75 |     6 ||    81
       Rpst.: Falchion   |    19 |       ||    19
